 Dungeon Crawl Stone Soup version 0.29-a0-551-gffc1d7fb78 (webtiles) character file.

Game seed: 11119450028173056623

14329 NateTC the Geomancer (level 12, -1/67 HPs)
             Began as a Gargoyle Earth Elementalist on June 5, 2022.
             Was a Follower of Ashenzari.
             Slain by a caustic shrike skeleton (13 damage)
             ... on level 3 of the Abyss.
             The game lasted 00:57:28 (14488 turns).

NateTC the Geomancer (Gargoyle Earth Elementalist) Turns: 14488, Time: 00:57:28

Health: -1/67      AC: 18    Str: 12    XL:     12   Next: 15%
Magic:  20/20      EV: 12    Int: 24    God:    Ashenzari [*.....]
Gold:   5          SH:  0    Dex: 10    Spells: 9/22 levels left

rFire   . . .      SeeInvis .   z - staff of earth (curse) {Elem, Melee}
rCold   + . .      Faith    .   (no shield)
rNeg    + + .      Spirit   .   L - +0 robe of the Robin {rElec rN+ Archmagi}
rPois   ∞          Reflect  .   E - +1 hat {Int+3}
rElec   +          Harm     .   h - +0 cloak
rCorr   .          Rampage  .   r - +1 pair of gloves
Will    .....      Archmagi +   (no boots)
Stlth   ++........              p - amulet of regeneration
HPRegen 1.01/turn               j - ring of protection from cold
MPRegen 0.17/turn               s - ring of the Unyielding Gaze {AC+4, Comp, Fort} (curse)

@: hasted, very quick
A: sickness immunity, AC +8, negative energy resistance 1, electricity
resistance, torment resistance 1, petrification resistance, [subdued magic 2]
a: Renounce Religion, Shatter the Chains


You were on level 3 of the Abyss.
You worshipped Ashenzari.
Ashenzari was aware of your devotion.
You visited 3 branches of the dungeon, and saw 13 of its levels.
You visited the Abyss 1 time.
You also visited: Volcano.

You collected 506 gold pieces.
You spent 501 gold pieces at shops.

Inventory:

Missiles
 c - 38 stones
Armour
 h - a +0 cloak (worn)
 r - a +1 pair of gloves (worn)
 E - a +1 hat of intelligence (worn)
 L - the +0 robe of the Robin (worn) {rElec rN+ Archmagi}
   (You bought it in a shop on level 8 of the Dungeon)

   rElec:     It insulates you from electricity.
   rN:        It protects you from negative energy.
   Archmagi:  It increases the power of your magical spells.
Magical Staves
 z - a cursed staff of earth (weapon) {Elem, Melee}
Jewellery
 j - a ring of protection from cold (left hand)
 n - an amulet of the acrobat
 p - an amulet of regeneration (around neck)
 s - the cursed ring of the Unyielding Gaze (right hand) {AC+4, Comp, Fort}
   (You found it on level 6 of the Dungeon)

   [ring of protection]

   AC:        It affects your AC (+4).
   It has a curse which improves the following skills: Companions: Summonings
   and Necromancy.
   Fortitude: Armour and Shields.
 w - a ring of positive energy
 B - an amulet of guardian spirit
Wands
 q - a wand of polymorph (8)
 t - a wand of paralysis (5)
 y - a wand of iceblast (4)
 C - a wand of charming (7)
 D - a wand of digging (7)
 F - a wand of flame (8)
 J - a wand of mindburst (6)
Scrolls
 a - 3 scrolls of immolation
 d - 3 scrolls of fog
 g - 2 scrolls of brand weapon
 v - a scroll of torment
 G - a scroll of amnesia
 H - a scroll of enchant weapon
 I - a scroll of fear
Potions
 b - 4 potions of might
 e - a potion of resistance
 f - 4 potions of brilliance
 i - 2 potions of ambrosia
 l - 4 potions of degeneration
 m - 2 potions of flight
 o - 4 potions of curing
 u - a potion of haste
 x - a potion of mutation
 A - a potion of berserk rage


   Skills:
 - Level 4.5 Fighting
 + Level 2.9 Dodging
 - Level 2.1 Stealth
 + Level 5.5 Spellcasting
 - Level 12.9 Conjurations
 + Level 2.4 Hexes
 - Level 1.5 Transmutations
 * Level 14.8(15.5) Earth Magic
 - Level 3.1 Evocations


You had 9 spell levels left.
You knew the following spells:

 Your Spells              Type           Power      Damage    Failure   Level
a - Sandblast             Erth           100%       2d20      0%          1
b - Stone Arrow           Conj/Erth      100%       3d13      0%          3
c - Magic Dart            Conj           100%       1d8       0%          1
d - Passwall              Tmut/Erth      50%        N/A       1%          2
e - Searing Ray           Conj           100%       2d8       0%          2
f - Fulminant Prism       Conj/Hex       20%        3d13      1%          4

Your spell library contained the following spells:

 Spells                   Type           Power      Damage    Failure   Level
 Petrify                  Tmut/Erth      61%        N/A       1%          4
 Beastly Appendage        Tmut           26%        N/A       2%          1
 Wereblood                Tmut           13%        N/A       4%          2
 Poisonous Vapours        Pois/Air       12%        N/A       8%          2
 Spider Form              Tmut/Pois      9%         N/A       13%         3
 Corpse Rot               Necr/Pois/Air  6%         N/A       54%         4


Dungeon Overview and Level Annotations

Branches:
Dungeon (10/15)            Temple (1/1) D:4            Lair (2/6) D:9
    Orc (0/2) D:9         Volcano (visited)
  Swamp: Lair:2-4    Shoals: Lair:2-4     Snake: Lair:2-4    Spider: Lair:2-4

Altars:
Ashenzari
Cheibriados
Dithmenos
Elyvilon
Fedhas
Gozag
Hepliaklqana
Kikubaaqudgha
Makhleb
Nemelex Xobeh
Okawaru
Qazlal
Ru
Sif Muna
Trog
Uskayaw
Vehumet
Wu Jian
Xom
Yredelemnul
Zin
The Shining One

Shops:
D:3 [   D:8 [


Innate Abilities, Weirdness & Mutations

You are immune to sickness and miasma.
Your stone body is resilient. (AC +8)
You are immune to poison.
You resist negative energy. (rN+)
You are resistant to electric shocks. (rElec)
You are resistant to unholy torment.
You are immune to petrification.
[Your spells are easier to cast, but less powerful.]


Message History

The caustic shrike skeleton claws you.
The caustic shrike skeleton claws you but does no damage.
The caustic shrike skeleton claws you!
Casting: Sandblast (safe; 0% risk of failure)
Confirm with . or Enter, or press ? or * to list all spells.
Okay, then.
Casting: Sandblast (safe; 0% risk of failure)
Confirm with . or Enter, or press ? or * to list all spells.
You aren't next to any passable walls.
The caustic shrike skeleton attacks as you move away!
The caustic shrike skeleton claws you but does no damage.
The caustic shrike skeleton claws you!
* * * LOW HITPOINT WARNING * * *
Casting: Passwall (safe; 1% risk of failure)
Confirm with . or Enter, or press ? or * to list all spells.
Aiming: Passwall (safe; 1% risk of failure)
Press: ? - help, Dir - move target
There is no adjacent passable wall in that direction.
A stone wall.
Okay, then.
The caustic shrike skeleton attacks as you move away!
The caustic shrike skeleton closely misses you.
The caustic shrike skeleton claws you.
* * * LOW HITPOINT WARNING * * *
Okay, then.
You feel better. The caustic shrike skeleton claws you!
* * * LOW HITPOINT WARNING * * *
The wretched star pulses with an eldritch light!
The caustic shrike skeleton barely misses you.
You feel yourself speed up.
The caustic shrike skeleton barely misses you.
The caustic shrike skeleton claws you.
* * * LOW HITPOINT WARNING * * *
The caustic shrike skeleton attacks as you move away!
The caustic shrike skeleton barely misses you.
The caustic shrike skeleton attacks as you move away!
The caustic shrike skeleton closely misses you.
The caustic shrike skeleton attacks as you move away!
The caustic shrike skeleton claws you!
You die...

###h# #.. #
#...# ... #.###.
# ..# #
#....#.###..##.#
#.#.#...#......#
##.##.*.#.#.#
#....#..#..#
##.#..Z#..#
#.####@.#.# ##
#....# #
#..###.# #.. ...
#. ##.# .. .# ..
# ...


You could see a wretched star and a caustic shrike skeleton.

Vanquished Creatures
  Gastronok (Lair:1)
  2 two-headed ogres (D:9)
  2 salamanders (Volcano)
  2 cyclopes (Volcano)
  A gargoyle (Volcano)
  A cane toad (Lair:2)
  5 komodo dragons
  3 trolls (D:9)
  A harpy zombie (Abyss:3)
  A vampire (D:10)
  A basilisk (Lair:1)
  10 yaks (D:9)
  3 steam dragons
  Menkaure (D:7)
  An acid dragon (D:10)
  5 water moccasins
  4 orc warriors
  A black bear (D:5)
  An ice beast (D:8)
  3 sky beasts
  6 ogres
  7 wolves
  A centaur (D:5)
  A phantom (D:6)
  6 kobold brigands
  9 bullfrogs
  3 gnoll sergeants (D:9)
  4 scorpions
  19 wights
  A small abomination (Abyss:3)
  A howler monkey (D:10)
  2 orc priests
  5 hounds
  3 jellies
  3 iguanas
  7 orc wizards
  A mummy (D:4)
  7 adders
  11 gnolls
  A shadow imp (D:8)
  3 ufetubi
  4 worms
  A dart slug (D:3)
  27 orcs
  13 bats
  8 endoplasms
  4 giant cockroaches
  4 hobgoblins (D:1)
  5 jackals
  25 kobolds
  5 quokkas
  7 ball pythons
  4 frilled lizards
  6 goblins
  8 rats
271 creatures vanquished.

Vanquished Creatures (others)
  13 fulminant prisms (Volcano)
  3 fungi (Lair:2)
  6 plants
  3 starspawn tentacles (Abyss:3)
25 creatures vanquished.

Grand Total: 296 creatures vanquished

Notes
Turn   | Place    | Note
-------+----------+-------------------------------------------
     0 | D:1      | NateTC the Gargoyle Earth Elementalist began the quest for
                  | the Orb.
     0 | D:1      | Reached XP level 1. HP: 10/10 MP: 3/3
    59 | D:1      | Reached skill level 1 in Transmutations
   374 | D:1      | Reached XP level 2. HP: 15/15 MP: 1/5
   430 | D:1      | Found a faded altar of an unknown god.
   464 | D:1      | Reached skill level 4 in Earth Magic
   637 | D:1      | Reached XP level 3. HP: 15/19 MP: 0/6
   698 | D:1      | Learned a level 3 spell: Stone Arrow
   788 | D:1      | Learned a level 1 spell: Magic Dart
  1570 | D:2      | Reached skill level 1 in Conjurations
  1861 | D:2      | Reached XP level 4. HP: 24/24 MP: 3/7
  2481 | D:3      | Found Kiutiz's Antique Armour Shoppe.
  2489 | D:3      | Bought a runed robe for 74 gold pieces
  3222 | D:4      | Noticed a bullfrog
  3228 | D:4      | Killed a bullfrog
  3229 | D:4      | Reached skill level 5 in Earth Magic
  3229 | D:4      | Reached XP level 5. HP: 28/28 MP: 5/9
  3306 | D:4      | You fall into a shaft and drop 3 floors!
  3389 | D:7      | Noticed a steam dragon
  3390 | D:7      | Noticed a sky beast
  3397 | D:7      | Killed a steam dragon
  3398 | D:7      | Reached XP level 6. HP: 25/32 MP: 2/10
  3434 | D:7      | Killed a sky beast
  3435 | D:7      | Reached skill level 6 in Earth Magic
  3675 | D:6      | Noticed a sky beast
  3676 | D:6      | Reached XP level 7. HP: 23/36 MP: 7/12
  3774 | D:6      | Reached skill level 7 in Earth Magic
  3781 | D:6      | Reached skill level 5 in Conjurations
  3903 | D:5      | Entered Level 5 of the Dungeon
  3929 | D:5      | Reached XP level 8. HP: 41/41 MP: 8/14
  3987 | D:4      | Found a staircase to the Ecumenical Temple.
  4043 | Temple   | Entered the Ecumenical Temple
  4492 | D:4      | Found a broken altar of Ashenzari.
  4497 | D:4      | Became a worshipper of Ashenzari the Shackled
  4658 | D:4      | Reached skill level 8 in Earth Magic
  5988 | D:5      | Noticed a komodo dragon
  6016 | D:5      | Killed a komodo dragon
  6017 | D:5      | Reached skill level 9 in Earth Magic
  6365 | D:6      | Reached XP level 9. HP: 45/45 MP: 12/16
  6368 | D:6      | Reached skill level 5 in Spellcasting
  6770 | D:6      | Reached skill level 10 in Earth Magic
  6930 | D:6      | Learned a level 2 spell: Passwall
  7401 | D:7      | Noticed Menkaure
  7406 | D:7      | Killed Menkaure
  7407 | D:7      | Reached skill level 1 in Evocations
  7594 | D:8      | Reached skill level 11 in Earth Magic
  7725 | D:8      | Reached XP level 10. HP: 50/50 MP: 12/18
  8547 | D:8      | Found Yrphaq's Armour Emporium.
  8768 | D:9      | Learned a level 2 spell: Searing Ray
  8922 | D:9      | Reached skill level 10 in Conjurations
  9100 | D:9      | Reached skill level 12 in Earth Magic
  9106 | D:9      | Reached skill level 1 in Fighting
  9545 | D:9      | Noticed a two-headed ogre
  9552 | D:9      | Killed a two-headed ogre
  9602 | D:9      | Reached XP level 11. HP: 59/59 MP: 1/19
  9906 | D:9      | Found a staircase to the Lair.
  9933 | D:9      | Noticed a two-headed ogre
  9937 | D:9      | Killed a two-headed ogre
  9938 | D:9      | Reached skill level 13 in Earth Magic
 10055 | D:9      | Found a staircase to the Orcish Mines.
 10768 | D:9      | Reached * piety under Ashenzari
 10837 | D:10     | Entered Level 10 of the Dungeon
 11837 | Lair:1   | Entered Level 1 of the Lair of Beasts
 11843 | Lair:1   | Noticed Gastronok
 11853 | Lair:1   | Killed Gastronok
 12106 | Lair:1   | Learned a level 4 spell: Fulminant Prism
 12108 | Lair:1   | Reached ** piety under Ashenzari
 13086 | Lair:2   | Reached skill level 14 in Earth Magic
 13097 | Lair:2   | Reached skill level 1 in Hexes
 13355 | D:8      | Bought the +0 robe of the Robin {rElec rN+ Archmagi} for
                  | 427 gold pieces
 13701 | Lair:2   | Found a dark tunnel.
 13710 | Volcano  | Entered a volcano
 13881 | Volcano  | Noticed a cyclops
 13894 | Volcano  | Killed a cyclops
 13895 | Volcano  | Reached XP level 12. HP: 48/67 MP: 4/20
 14283 | Volcano  | Cast into level 3 of the Abyss (a wizard)
 14332 | Abyss:3  | Noticed a thrashing horror
 14361 | Abyss:3  | Noticed a tentacled starspawn
 14452 | Abyss:3  | Noticed a wretched star
 14488 | Abyss:3  | Slain by a caustic shrike skeleton

Illustrated notes

Levels and vault maps discovered:
D:1:      erik_arrival_triangle_small, layout_basic,
          dreamdust_ecumenical_altar_statues, serial_forest,
          infiniplex_forest_clump_curved, infiniplex_forest_clump_double,
          infiniplex_forest_clump_tiny, infiniplex_forest_lined_corner,
          infiniplex_forest_lined_2, infiniplex_forest_clump_tiny,
          infiniplex_forest_lined_room_
D:2:      layout_rooms
D:3:      layout_basic, serial_shops, nicolae_shop_overgrown_old_shop,
          nrook_mini_backslash, nicolae_figureground_pulse
D:4:      wander_river, layout_loops_cross, evilmike_ruin_ashenzari,
          minmay_temple_entry_statues_fountains, gup_ossuary_entry_pyramid,
          minmay_liquid_box
D:5:      layout_basic, minmay_crystal_room
D:6:      layout_basic, due_unseen_surprise
D:7:      layout_gridville, uniq_menkaure
D:8:      layout_basic, serial_shops, nicolae_shop_behind_doors,
          lemuel_another_geyser
D:9:      layout_long_grid, lair_entry_dummy,
          kennysheep_orc_monster_closet_entryway, minmay_door_square,
          grunt_decor_cap
D:10:     layout_rooms
Temple:   mainiacjoe_temple_trianglar_array
Lair:1:   layout_cave_pods, uniq_gastronok
Lair:2:   layout_loops_ring, enter_volcano_2
Abyss:3:  base: D:8, minivault_27, hangedman_relentless_pull,
          evilmike_abyss_rune_siren_acolytes, minivault_27
Volcano:  hellmonk_zot_springs

Skill      XL: |  1  2  3  4  5  6  7  8  9 10 11 |
---------------+----------------------------------+-----
Transmutations | 1 |  1.5
Earth Magic    | 4 5 6 7 9 11 12 14 | 14.8
Conjurations   | 1 2 3 4 5 7 9 11 12 | 12.9
Spellcasting   | 3 4 5 |  5.5
Evocations     | 2 3 |  3.1
Fighting       | 2 4 |  4.5
Hexes          | 2 |  2.4
Dodging        | 2 |  2.9
Stealth        | |  2.1

Action                   |  1- 3 |  4- 6 |  7- 9 | 10-12 || total
-------------------------+-------+-------+-------+-------++-------
Melee: Unarmed           |    70 |    44 |    18 |    47 ||   179
       Punch             |       |     1 |       |     2 ||     3
       Staff             |       |       |       |    64 ||    64
 Cast: Sandblast         |    41 |    38 |   125 |    34 ||   238
       Magic Dart        |    28 |    20 |    63 |   150 ||   261
       Stone Arrow       |     2 |     1 |     3 |    87 ||    93
       Searing Ray       |       |       |       |    14 ||    14
       Fulminant Prism   |       |       |       |    13 ||    13
Invok: Curse Item        |       |       |     1 |     2 ||     3
       Shatter the Chain |       |       |       |     1 ||     1
Evoke: Wand              |       |       |       |    14 ||    14
  Use: Potion            |     1 |       |     3 |     2 ||     6
       Scroll            |       |     2 |    12 |     3 ||    17
 Stab: Sleeping          |       |     1 |       |       ||     1
Armor: Robe              |    56 |    32 |    41 |   172 ||   301
Dodge: Dodged            |    64 |    30 |    57 |   234 ||   385

Table legend: (Time is in decaauts)
 A = Elapsed time spent in this place.
 B = Non-inter-level travel time spent in this place.
 C = Inter-level travel time spent in this place.
 D = Time resting spent in this place.
 E = Time spent auto-exploring this place.
 F = Levels seen in this place.
 G = Mean time per level.
                   A        B        C        D        E       F      G
               +--------+--------+--------+--------+--------+-----+--------+
         Total |  14525 |  14065 |    460 |   5544 |   3940 |  15 |  968.3 |
       Dungeon |  11498 |  11177 |    321 |   4338 |   3173 |  10 | 1149.8 |
        Temple |    435 |    412 |     23 |      0 |    411 |   1 |  435.0 |
          Lair |   1812 |   1697 |    115 |    690 |    356 |   2 |  906.0 |
         Abyss |    204 |    204 |      0 |     57 |      0 |   1 |  204.0 |
       Volcano |    573 |    573 |      0 |    459 |      0 |   1 |  573.0 |
               +--------+--------+--------+--------+--------+-----+--------+

Top non-repeatable levels by time:
     D:9: 2032 daAuts
  Lair:1: 1474 daAuts
     D:8: 1459 daAuts
     D:1: 1308 daAuts
     D:5: 1202 daAuts
     D:2: 1112 daAuts
    D:10: 969 daAuts
     D:4: 950 daAuts
     D:6: 941 daAuts
     D:7: 837 daAuts
     D:3: 685 daAuts
 Volcano: 573 daAuts
  Temple: 435 daAuts
  Lair:2: 338 daAuts
 Abyss:3: 204 daAuts
